 Dungeon Crawl Stone Soup version 0.32-a0-560-g4c7f4391e0 (webtiles) character file.

Game seed: 9848302661897293990

310 BeKind the Trooper (level 6, -2/56 HPs)
             Began as a Minotaur Berserker on Feb 29, 2024.
             Was a Believer of Trog.
             Shot with an arrow by a centaur (10 damage)
             ... on level 5 of the Dungeon.
             The game lasted 00:02:24 (2818 turns).

BeKind the Trooper (Minotaur Berserker)             Turns: 2818, Time: 00:02:25

Health: -2/56      AC:  2    Str: 24    XL:     6   Next: 17%
Magic:  5/5        EV: 12    Int:  4    God:    Trog [**....]
Gold:   182        SH:  0    Dex:  9    Spells: 5/5 levels left

rFire   . . .        a - +0 falchion
rCold   . . .        (no shield)
rNeg    . . .        b - +0 animal skin
rPois   .            (helmet restricted)
rElec   .            (no cloak)
rCorr   .            (no gloves)
SInv    .            (no boots)
Will    .....        (no amulet)
Stlth   +            (no ring)
HPRegen 0.29/turn    (no ring)
MPRegen 0.09/turn

%: no passive effects
@: no status effects
A: horns 2, retaliatory headbutt
a: Renounce Religion, Berserk, Trog's Hand


You were on level 5 of the Dungeon.
You worshipped Trog.
Trog was pleased with you.
You visited 1 branch of the dungeon, and saw 5 of its levels.

You collected 182 gold pieces.

Inventory:

Hand Weapons
 a - a +0 falchion (weapon)
Armour
 b - a +0 animal skin (worn)
Jewellery
 x - a ring of ice
 y - the amulet of the Four Winds {rN+ Will+++ Clar}
   (You found it on level 5 of the Dungeon)

   [amulet of nothing]

   rN+:       It protects you from negative energy.
   Will+++:   It greatly increases your willpower.
   Clar:      It protects you from confusion, rage, mesmerisation and fear.
 z - an amulet of regeneration
Scrolls
 d - a scroll of noise {unknown}
 e - 2 scrolls of fear {unknown}
 f - 2 scrolls of identify {unknown}
 g - a scroll of amnesia {unknown}
 h - 2 scrolls of blinking {unknown}
 k - a scroll of revelation {unknown}
 m - 2 scrolls of fog {unknown}
 o - a scroll of immolation {unknown}
 p - a scroll of vulnerability {unknown}
 q - a scroll of teleportation {unknown}
 s - 2 scrolls of acquirement {unknown}
 v - a scroll of brand weapon {unknown}
 w - 2 scrolls of enchant weapon {unknown}
Potions
 c - a potion of magic {unknown}
 i - a potion of ambrosia {unknown}
 j - 3 potions of curing {unknown}
 l - a potion of invisibility {unknown}
 n - a potion of heal wounds {unknown}
 r - a potion of degeneration {unknown}
 t - a potion of brilliance {unknown}
 u - a potion of might {unknown}


   Skills:
 + Level 5.2 Fighting
 + Level 5.2 Long Blades
 + Level 4.4 Armour
 + Level 4.0 Dodging


You had 5 spell levels left.
You didn't know any spells.
Your spell library was empty.

Dungeon Overview and Level Annotations

Branches:
Dungeon (5/15)
 Temple: D:4-7

Altars:
Cheibriados
Ru

Shops:
D:1 :

Annotations:
D:4 Eustachio, Ijyb
D:5 Menkaure


Innate Abilities, Weirdness & Mutations

You have a pair of horns on your head.
You reflexively headbutt those who attack you in melee.


Message History

Found a stone staircase leading down.
The adder hisses angrily.
The dart slug launches a dart at you. The slug dart hits you.
The adder closely misses you. You furiously retaliate!
You headbutt the adder!
You kill the adder!
Trog accepts your kill.
You slash the dart slug!
The dart slug is almost dead.
The dart slug closely misses you.
You hit the dart slug.
You kill the dart slug!
Trog accepts your kill.
No target in view!
No target in view!
No target in view!
HP restored.
Menkaure and a centaur come into view.
Menkaure shouts!
The centaur wields a +3 shortbow.
The centaur shoots an arrow.
The arrow hits you.
The centaur shoots an arrow.
The arrow misses you.
The centaur shoots an arrow.
The arrow closely misses you.
You see here an amulet of regeneration.
z - an amulet of regeneration The centaur shoots an arrow.
The arrow misses you.
The centaur shoots an arrow.
The arrow closely misses you.
Menkaure shouts, "You disturbed my rest!
Die!"
Menkaure calls on the powers of darkness!
Your body is wracked with pain!
The centaur shoots an arrow.
The arrow hits you!
You see here a dart slug corpse.
Menkaure gestures at you while chanting.
Pain shoots through your body!
The centaur shoots an arrow.
The arrow closely misses you.
The centaur shoots an arrow.
The arrow misses you.
The centaur shoots an arrow.
The arrow hits you!
* * * LOW HITPOINT WARNING * * *
The centaur shoots an arrow.
The arrow hits you!
You die...

............#...#..## #........
...............# #..# #........
..............# #..###........
.............# #..##...# ...
............# ##.......# ..
............# #........## #.
....ß.......## ##.........###.
...ß>ß.......####......#....#..
....ß...c.....@........##......
#.......#####.....##........###
#.......# ###....#.......##
.###....# #.......#####.#
#..... #..####.## #.. ....c..
#..# #.# ##.# ........ .... ##
.# ######. ####


You could see a centaur.

Vanquished Creatures
  Grinder (D:3)
  A jelly (D:3)
  2 adders
  3 dart slugs
  2 ribbon worms
  An orc (D:5)
  4 endoplasms
  6 giant cockroaches
  4 goblins
  5 hobgoblins
  6 kobolds
  3 quokkas
  3 ball pythons
  7 bats
  3 frilled lizards
  2 rats
53 creatures vanquished.

Notes
Turn   | Place    | Note
-------+----------+-------------------------------------------
     0 | D:1      | BeKind the Minotaur Berserker began the quest for the Orb.
     0 | D:1      | Reached XP level 1. HP: 19/19 MP: 0/0
    68 | D:1      | Reached XP level 2. HP: 20/27 MP: 1/1
   121 | D:1      | Found Yrodyiz's Vocational Training.
   744 | D:2      | Reached XP level 3. HP: 27/33 MP: 2/2
   854 | D:2      | Reached ** piety under Trog
  1167 | D:3      | Noticed Grinder
  1178 | D:3      | Killed Grinder
  1179 | D:3      | Reached skill level 5 in Fighting
  1179 | D:3      | Reached skill level 5 in Long Blades
  1179 | D:3      | Reached XP level 4. HP: 42/42 MP: 3/3
  1179 | D:3      | Reached XP level 5. HP: 48/48 MP: 4/4
  1511 | D:3      | Reached XP level 6. HP: 43/56 MP: 5/5
  1703 | D:3      | Found a sacrificial altar of Ru.
  1878 | D:3      | Found a snail-covered altar of Cheibriados.
  2415 | D:4      | Noticed Ijyb
  2419 | D:4      | Noticed Eustachio
  2450 | D:5      | Entered Level 5 of the Dungeon
  2768 | D:5      | Found the amulet of the Four Winds {rN+ Will+++ Clar}
  2809 | D:5      | Noticed Menkaure
  2818 | D:5      | Shot with an arrow by a centaur

Illustrated notes

Levels and vault maps discovered:
D:1:      minmay_arrival_checkered_box, layout_loops_cross,
          nicolae_shop_vocational
D:2:      layout_rooms
D:3:      layout_basic, cheibrodos_worm_habitat, mainiacjoe_overflow_alcove_4,
          dreamdust_princess_bridge, uniq_grinder
D:4:      layout_rooms, serial_shops, shop_fountains, uniq_eustachio, uniq_ijyb
D:5:      kennysheep_kobold_camp, layout_layer_cave, xom_redecorated,
          ebering_ghost_disaster_area, st_stairs_14,
          chequers_serial_rivers_micro_c, uniq_edmund, uniq_menkaure

Skill      XL: |  1  2  3  4  5  6 |
---------------+-------------------+-----
Fighting       | 4 5 |  5.2
Long Blades    | 4 5 |  5.2
Armour         | 3 4 |  4.4
Dodging        | 3 4 |  4.0

Action                     |  1- 3 |  4- 6 || total
---------------------------+-------+-------++-------
  Melee: Falchion          |    72 |    33 ||   105
         Headbutt          |    10 |     8 ||    18
 Invoke: Berserk           |     2 |     1 ||     3
 Armour: Animal skin       |    43 |    30 ||    73
  Dodge: Dodged            |    60 |    37 ||    97

Table legend: (Time is in decaauts)
 A = Elapsed time spent in this place.
 B = Non-inter-level travel time spent in this place.
 C = Inter-level travel time spent in this place.
 D = Time resting spent in this place.
 E = Time spent auto-exploring this place.
 F = Levels seen in this place.
 G = Mean time per level.
                   A        B        C        D        E       F      G
               +--------+--------+--------+--------+--------+-----+--------+
         Total |   2870 |   2815 |     55 |    404 |   2050 |   5 |  574.0 |
       Dungeon |   2870 |   2815 |     55 |    404 |   2050 |   5 |  574.0 |
               +--------+--------+--------+--------+--------+-----+--------+

Top non-repeatable levels by time:
     D:3: 1198 daAuts
     D:1: 694 daAuts
     D:2: 481 daAuts
     D:5: 367 daAuts
     D:4: 127 daAuts
